 Dungeon Crawl Stone Soup version 0.29.0-4-gdea44cf6ec (webtiles) character file.

Game seed: 5235597560101471106

46 qw the Chopper (level 3, -2/21 HPs)
             Began as a Tengu Warper on Aug 28, 2022.
             Slain by a scorpion (5 damage)
             ... on level 4 of the Dungeon.
             The game lasted 00:00:11 (2521 turns).

qw the Chopper (Tengu Warper)                       Turns: 2521, Time: 00:00:11

Health: -2/21      AC:  5    Str: 18 (19) XL:     3   Next: 68%
Magic:  7/7        EV: 12    Int: 11 (13) God:
Gold:   85         SH:  0    Dex: 12 (13) Spells: 6/6 levels left

rFire   . . .      SeeInvis .   Y - +0 hand axe (vorpal)
rCold   . . .      Faith    .   (no shield)
rNeg    . . .      Spirit   .   b - +0 leather armour
rPois   .          Reflect  .   (helmet restricted)
rElec   .          Harm     .   (no cloak)
rCorr   .          Rampage  .   j - +1 pair of gloves
Will    .....                   (boots unavailable)
Stlth   +.........              (no amulet)
HPRegen 0.07/turn               g - +6 ring of strength
MPRegen 0.10/turn               (no ring)

@: lethally poisoned (-2 -> -4)
A: beak, talons 3
a: no special abilities


You were on level 4 of the Dungeon.
You visited 1 branch of the dungeon, and saw 4 of its levels.

You collected 85 gold pieces.


Innate Abilities, Weirdness & Mutations

You have a beak for a mouth.
You have claws for feet.


   Skills:
 - Level 2.0 Fighting
 + Level 4.3 Axes
 - Level 1.0 Throwing
 - Level 1.1 Armour
 - Level 2.1 Dodging
 - Level 2.0 Spellcasting
 - Level 2.4 Translocations


You had 6 spell levels left.
You didn't know any spells.
Your spell library contained the following spells:

 Spells                   Type           Power      Damage    Failure   Level
 Blink                    Tloc           12%        N/A       21%         2
 Gell's Gravitas          Tloc           6%         N/A       36%         3
 Lesser Beckoning         Tloc           6%         N/A       36%         3
 Teleport Other           Tloc           6%         N/A       36%         3
 Manifold Assault         Tloc           6%         N/A       98%         5

Inventory:

Hand Weapons
 d - a +0 whip
 Y - a +0 vorpal hand axe (weapon)
Missiles
 f - 3 boomerangs (quivered)
Armour
 b - a +0 leather armour (worn)
 j - a +1 pair of gloves (worn)
Jewellery
 e - a ring of ice
 g - a +6 ring of strength (left hand)
Scrolls
 a - 2 scrolls of identify
 c - a scroll of enchant weapon {unknown}

Dungeon Overview and Level Annotations

Branches:
Dungeon (3/15)

Altars:

Shops:
D:2 :


Message History

A sourceless malevolence fills the Dungeon...
You fall into a shaft and drop 1 floor!
The shaft crumbles and collapses.
A scorpion comes into view.
The scorpion moves out of view.
Existing waypoints: (1) D:2 (2) D:3 Assign waypoint to what number? (0-9, D - delete waypoint) Waypoint 1 re-assigned from D:2 to D:4.
Enter note: You closely miss the scorpion.
Your kick misses the scorpion.
You peck the scorpion, but do no damage.
The scorpion stings you.
You are poisoned.
The scorpion poisons you!
You hit the scorpion but do no damage. Your kick misses the scorpion.
You feel very sick. The scorpion closely misses you.
You hit the scorpion but do no damage. Your kick misses the scorpion.
You feel sick. The scorpion stings you.
You hit the scorpion. Your kick misses the scorpion.
Your peck misses the scorpion.
The scorpion is lightly wounded.
You feel sick.
The scorpion stings you but does no damage.
You hit the scorpion. You claw the scorpion.
You peck the scorpion, but do no damage.
You punch the scorpion.
The scorpion is heavily wounded.
You feel sick.
The scorpion stings you but does no damage.
The scorpion barely misses you.
You hit the scorpion. Your kick misses the scorpion.
You peck the scorpion, but do no damage.
The scorpion is severely wounded.
You feel sick. The scorpion stings you.
You hit the scorpion but do no damage.
You peck the scorpion, but do no damage.
The scorpion is severely wounded.
You feel sick. The scorpion stings you.
You die...

...... ..#
....##..# .
........## ..
........# ...
....... ....
##.... .....#..s#
.......@##
#........##
##........###
#.....##...######
#..##..
###...##.# #. #..
###...## # ##.
#....# #.
#..###.# #. #..##
##


You could see a scorpion.

Vanquished Creatures
  An adder (D:2)
  A dart slug (D:3)
  4 bats
  5 endoplasms
  A giant cockroach (D:1)
  5 goblins
  4 hobgoblins
  2 jackals (D:2)
  A quokka (D:2)
  A ball python (D:1)
  4 kobolds (D:1)
  4 rats
33 creatures vanquished.

Notes
Turn   | Place    | Note
-------+----------+-------------------------------------------
     0 | D:1      | qw the Tengu Warper began the quest for the Orb.
     0 | D:1      | Reached XP level 1. HP: 12/12 MP: 4/4
     0 | D:1      | 0 ||| qw: Version: 0.1-a-89-g26bdef1
     0 | D:1      | 0 ||| qw: Game counter: 2659
     0 | D:1      | 0 ||| qw: Always use a shield: true
     0 | D:1      | 0 ||| qw: God list: Okawaru
     0 | D:1      | 0 ||| qw: Allow faded altars: false
     0 | D:1      | 0 ||| qw: Do Orc after D:15 true
     0 | D:1      | 0 ||| qw: Do second Lair branch before Depths: true
     0 | D:1      | 0 ||| qw: Lair rune preference: random
     0 | D:1      | 0 ||| qw: Plans: Normal
     0 | D:1      | 0 ||| PLANNING D:1-11
    82 | D:1      | 82 ||| Stepping ~*~*~tactically~*~*~ (stealth).
    85 | D:1      | 85 ||| Stepping ~*~*~tactically~*~*~ (stealth).
   103 | D:1      | Reached XP level 2. HP: 10/17 MP: 6/6
   273 | D:1      | Reached skill level 3 in Axes
   624 | D:1      | 624 ||| Stepping ~*~*~tactically~*~*~ (stealth).
   636 | D:1      | 636 ||| Stepping ~*~*~tactically~*~*~ (stealth).
   638 | D:1      | 638 ||| Stepping ~*~*~tactically~*~*~ (stealth).
   639 | D:1      | 639 ||| Stepping ~*~*~tactically~*~*~ (stealth).
   640 | D:1      | 640 ||| Stepping ~*~*~tactically~*~*~ (stealth).
   899 | D:1      | 899 ||| UPGRADING to +1 pair of gloves.
   904 | D:1      | 904 ||| DROPPING ring of magical power.
   905 | D:1      | 905 ||| READING 3 scrolls labelled YNOEFAWAEL.
   906 | D:1      | 906 ||| READING scroll labelled KUETAE OTSI.
   907 | D:1      | 907 ||| DRINKING 2 lumpy clear potions.
   908 | D:1      | 908 ||| DRINKING 2 yellow potions.
   952 | D:1      | 952 ||| DROPPING scroll of blinking.
   953 | D:1      | 953 ||| DROPPING potion of degeneration.
   954 | D:1      | 954 ||| DROPPING potion of lignification.
   976 | D:2      | Found Ovow Ube's Book Boutique.
   991 | D:2      | Reached XP level 3. HP: 17/21 MP: 7/7
   991 | D:2      | 991 ||| STAIRDANCE
  1110 | D:2      | Reached skill level 4 in Axes
  1594 | D:2      | Found a faded altar of an unknown god.
  1762 | D:2      | 1762 ||| UPGRADING to +6 ring of strength.
  1763 | D:2      | 1763 ||| READING scroll labelled KUGGUE SEDIZEFEL.
  1764 | D:2      | 1764 ||| READING 3 scrolls of identify.
  1764 | D:2      | 1764 ||| IDENTIFYING purple potion
  1765 | D:2      | 1765 ||| DROPPING potion of magic.
  1766 | D:2      | 1766 ||| Stepping randomly (stuck).
  1767 | D:2      | 1767 ||| Stepping ~*~*~tactically~*~*~ (cloud).
  1772 | D:2      | HP: 5/21 [poisoned by you (poison gas)]
  1775 | D:2      | HP: 2/21 [poisoned by you (poison gas)]
  2166 | D:3      | 2166 ||| Stepping ~*~*~tactically~*~*~ (hiding).
  2268 | D:3      | 2268 ||| Stepping ~*~*~tactically~*~*~ (hiding).
  2370 | D:3      | 2370 ||| Stepping ~*~*~tactically~*~*~ (hiding).
  2472 | D:3      | 2472 ||| Stepping ~*~*~tactically~*~*~ (hiding).
  2499 | D:3      | You fall into a shaft and drop 1 floor!
  2513 | D:4      | Noticed a scorpion
  2520 | D:4      | HP: 4/21 [scorpion (3)]
  2521 | D:4      | Slain by a scorpion

Levels and vault maps discovered:
D:1:      mrwooster_arrival_arrow, layout_basic
D:2:      layout_loops_ring, hellmonk_ecumenical_altar_run_dry, serial_shops,
          shop, patterned_corridor
D:3:      layout_basic, nicolae_qazlal_general_emergency,
          nicolae_uskayaw_murder_on_the_dancefloor, lightli_temple_of_fire
D:4:      layout_layer_cave, nzn_hepliaklqana_mist_gate, serial_shops,
          nicolae_diamond_shop, minmay_shop_damaged, minmay_door_square,
          hangedman_abyss_or_decor_lesser_grid, st_stairs_6

Skill      XL: |  1  2  3 |
---------------+----------+-----
Axes           | 3 4 |  4.3
Fighting       | |  2.0
Throwing       | |  1.0
Armour         | |  1.1
Dodging        | |  2.1
Spellcasting   | |  2.0
Translocations | |  2.4

Action                   || total
-------------------------++-------
Melee: Hand axe          ||    67
       Kick              ||    12
       Peck              ||    12
       Punch             ||     2
Throw: Boomerang         ||    11
  Use: Scroll            ||     4
       Potion            ||     2
Armor: Leather armour    ||    14
Dodge: Dodged            ||    27

Table legend:
 A = Non-vault XP
 B = Vault XP
 C = Vault XP percentage of total XP
 D = Non-vault monster count
 E = Vault monster count
 F = Vault count percentage of total count
                 A         B        C        D         E       F
            +---------+---------+-------+---------+---------+-------
      Total |      67 |       0 |   0.0 |      33 |       0 |   0.0
            +---------+---------+-------+---------+---------+-------
        D:1 |      27 |       0 |   0.0 |      18 |       0 |   0.0
        D:2 |      30 |       0 |   0.0 |      11 |       0 |   0.0
        D:3 |      10 |       0 |   0.0 |       4 |       0 |   0.0
            +---------+---------+-------+---------+---------+-------
